 Dungeon Crawl Stone Soup version 0.23-a0-819-g6debee6 (webtiles) character file.

23 wilfster70 the Conjurer (level 2, 0/20 HPs)
             Began as a Draconian Conjurer on Jan 22, 2019.
             Slain by an orc
             ... wielding a +0 short sword
              (6 damage)
             ... on level 2 of the Dungeon.
             The game lasted 00:02:38 (1308 turns).

wilfster70 the Conjurer (Draconian Conjurer)        Turns: 1308, Time: 00:02:39

Health: 0/20       AC:  4    Str: 10    XL:     2   Next: 72%
Magic:  1/5        EV: 12    Int: 15    God:
Gold:   19         SH:  0    Dex: 11    Spells: 5/6 levels left

rFire    . . .     SeeInvis .   a - +0 dagger
rCold    . . .     Gourm    .   (no shield)
rNeg     . . .     Faith    .   (armour unavailable)
rPois    .         Spirit   .   (helmet restricted)
rElec    .         Reflect  .   (no cloak)
rCorr    .         Harm     .   (no gloves)
MR       .....                  (no boots)
Stlth    ++........             (no amulet)
HPRegen  0.06/turn              (no ring)
MPRegen  0.09/turn              (no ring)

@: no status effects
A: unfitting armour, cold-blooded, AC +4
a: no special abilities


You were on level 2 of the Dungeon.
You were not hungry.

You visited 1 branch of the dungeon, and saw 3 of its levels.

You collected 19 gold pieces.

Inventory:

Hand Weapons
 a - a +0 dagger (weapon)
Missiles
 d - 45 stones (quivered)
Scrolls
 e - a scroll of identify {unknown}
 f - a scroll of blinking {unknown}
 g - a scroll of noise {unknown}
Potions
 c - a potion of agility {unknown}
Comestibles
 b - 3 rations
 h - a chunk of flesh


   Skills:
 - Level 1.7 Dodging
 - Level 1.7 Stealth
 + Level 2.6 Spellcasting
 + Level 4.4 Conjurations


You had 5 spell levels left.
You knew the following spells:

 Your Spells              Type           Power        Failure   Level  Hunger
a - Magic Dart            Conj           ###.         3%          1    #......

Your spell library contained the following spells:

 Spells                   Type           Power        Failure   Level  Hunger
 Searing Ray              Conj           ###...       4%          2    ###....
 Dazzling Spray           Conj/Hex       #.....       26%         3    ###....
 Iskenderun's Mystic Bla  Conj           ###.....     32%         4    #####..
 Force Lance              Conj/Tloc      #.......     63%         4    #####..
 Fulminant Prism          Conj/Hex       #.........   63%         4    #####..


Dungeon Overview and Level Annotations

Branches:
Dungeon (3/15)

Altars:
Trog


Innate Abilities, Weirdness & Mutations

Your plain brown scales are hard. (AC +4)
You cannot fit into any form of body armour.
You are cold-blooded and may be slowed by cold attacks.


Message History

Press: ? - help, Shift-Dir - straight line, f/p - orc
Aim: an orc, wielding a +0 short sword and wearing a +0 chain mail The magic dart hits the orc.
The orc is lightly wounded.
The orc hits you but does no damage. The orc hits you with a +0 hand axe.
The orc closely misses you. The orc closely misses you.
The orc hits you with a +0 short sword.
* * * LOW HITPOINT WARNING * * *
Casting: Magic Dart (safe; 3% risk of failure)
Confirm with . or Enter, or press ? or * to list all spells.
Aiming: Magic Dart (safe; 3% risk of failure)
Press: ? - help, Shift-Dir - straight line, f/p - orc
Aim: an orc, wielding a +0 short sword and wearing a +0 chain mail (lightly wounded)
The magic dart hits the orc.
The orc is severely wounded.
The orc barely misses you. The orc misses you.
You completely miss the orc.
The orc is severely wounded.
The orc misses you. The orc hits you with a +0 short sword.
You die...

..<. ...
#.. ##r##
#####
###>###
#8..รท8#
##..oo.##
#8..@..8#
##.....##
#8...8#
##.....##
#8.....8#
##.....##
#8...8#
###_###
#####


You could see 2 orcs and a rat.

Vanquished Creatures
  An adder (D:2)
  A leopard gecko (D:1)
  A ball python (D:1)
  2 goblins (D:1)
  3 hobgoblins (D:1)
  2 jackals (D:1)
  A frilled lizard (D:1)
11 creatures vanquished.

Notes
Turn   | Place    | Note
-------+----------+-------------------------------------------
     0 | D:1      | wilfster70 the Draconian Conjurer began the quest for the
                  | Orb.
     0 | D:1      | Reached XP level 1. HP: 14/14 MP: 3/3
   711 | D:1      | Reached XP level 2. HP: 20/20 MP: 1/5
  1227 | D:1      | You fall through a shaft!
  1227 | D:2      | Found a bloodstained altar of Trog.
  1308 | D:2      | Slain by an orc

Vault maps used:
D:1:      dpeg_arrival_leaves_temple_mockup, minmay_shallow_snake_nest
D:2:      nicolae_overflow_hidden_temple, grunt_temple_overflow_open,
          first_ration, chequers_ecumenical_altar_island

Action                   || total
-------------------------++-------
Melee: Unarmed           ||    40
       Tailslap          ||     3
       Dagger            ||     4
 Cast: Magic Dart        ||    27
  Eat: Chunk             ||     2
Armor: Skin              ||    17
Dodge: Dodged            ||    40

Table legend:
 A = Non-vault XP
 B = Vault XP
 C = Vault XP percentage of total XP
 D = Non-vault monster count
 E = Vault monster count
 F = Vault count percentage of total count
                 A         B        C        D         E       F
            +---------+---------+-------+---------+---------+-------
      Total |      33 |       0 |   0.0 |      11 |       0 |   0.0
            +---------+---------+-------+---------+---------+-------
        D:1 |      20 |       0 |   0.0 |      10 |       0 |   0.0
        D:2 |      13 |       0 |   0.0 |       1 |       0 |   0.0
            +---------+---------+-------+---------+---------+-------
